 Dungeon Crawl Stone Soup version 0.27.0-1-g7a089689b8 (webtiles) character file.

Game seed: 13807434089130861797

903 PBDoughboyy the Grasshopper (level 8, 0/67 (68) HPs)
             Began as a Gnoll Warper on Aug 11, 2021.
             Was a Believer of Ashenzari.
             Slain by a wight (7 damage)
             ... on level 6 of the Dungeon.
             The game lasted 00:27:40 (6284 turns).

PBDoughboyy the Grasshopper (Gnoll Warper)          Turns: 6284, Time: 00:27:41

HP:   0/67 (68)     AC:  4    Str: 11    XL:     8   Next: 7%
MP:   18/20         EV: 14    Int: 14    God:    Ashenzari [**....]
Gold: 212           SH:  0    Dex: 12    Spells: 21/23 levels left

rFire    + . .     SeeInvis +   e - +2 spear of the Cursed Activism {flame, Cun, Self} (curse)
rCold    x . .     Faith    .   (no shield)
rNeg     . . .     Spirit   .   b - +0 leather armour "Loss of Ashenzari" {Alch, Fort} (curse)
rPois    .         Reflect  .   (no helmet)
rElec    .         Harm     .   (no cloak)
rCorr    .         Rampage  .   q - +0 pair of gloves "Share My Anxiety" {Elem, Self} (curse)
Will     .....                  (no boots)
Stlth    ++........             (no amulet)
HPRegen  0.21/turn              u - ring of fire
MPRegen  0.17/turn              (no ring)

@: lightly drained
A: fangs 1, strong nose, distributed training
a: Renounce Religion, Curse Item, Shatter the Chains


You were on level 6 of the Dungeon.
You worshipped Ashenzari.
Ashenzari was pleased with you.
You visited 1 branch of the dungeon, and saw 6 of its levels.

You collected 212 gold pieces.

Inventory:

Hand Weapons
 a - a +0 falchion
 e - the cursed +2 spear of the Cursed Activism (weapon) {flame, Cun, Self}
   (You found it on level 1 of the Dungeon)

   It burns those it strikes, dealing additional fire damage.
   It has a curse which improves the following skills: Cunning: Dodging and
   Stealth.
   Introspection: Fighting and Spellcasting.
Missiles
 d - 3 boomerangs of dispersal
 h - 21 poisoned darts (quivered)
 i - 5 datura-tipped darts
 k - 9 boomerangs
Armour
 b - the cursed +0 leather armour "Loss of Ashenzari" (worn) {Alch, Fort}

   It has a curse which improves the following skills: Alchemy: Poison Magic and
   Transmutations.
   Fortitude: Armour and Shields.
 q - the cursed +0 pair of gloves "Share My Anxiety" (worn) {Elem, Self}
   (You found it on level 4 of the Dungeon)

   It has a curse which improves the following skills: Elements: Fire Magic, Ice
   Magic, Air Magic and Earth Magic.
   Introspection: Fighting and Spellcasting.
Jewellery
 u - a ring of fire (left hand)
Wands
 p - a wand of flame (18)
 w - a wand of iceblast (10)
Scrolls
 c - 4 scrolls of blinking
 g - 2 scrolls of amnesia
 j - 2 scrolls of magic mapping
 n - a scroll of enchant armour
 o - 2 scrolls of teleportation
 r - 2 scrolls of fog
Potions
 f - 2 potions of haste
 l - a potion of mutation
 m - a potion of curing
 s - 2 potions of heal wounds
 t - a potion of might
 v - a potion of cancellation


   Skills:
 + Level 5.4(7.7) Fighting
 + Level 2.9 Short Blades
 + Level 5.4 Long Blades
 + Level 2.9 Axes
 + Level 2.9 Maces & Flails
 + Level 2.9 Polearms
 + Level 2.9 Staves
 + Level 2.9 Slings
 + Level 2.9 Bows
 + Level 2.9 Crossbows
 + Level 3.9 Throwing
 + Level 3.9(5.3) Armour
 + Level 5.4(6.9) Dodging
 + Level 2.9(4.2) Stealth
 + Level 2.9(4.2) Shields
 + Level 2.9 Unarmed Combat
 + Level 5.8(8.1) Spellcasting
 + Level 2.3 Conjurations
 + Level 2.3 Hexes
 + Level 2.3 Summonings
 + Level 2.3 Necromancy
 + Level 6.0 Translocations
 + Level 2.3(3.5) Transmutations
 + Level 2.3(3.5) Fire Magic
 + Level 2.3(3.5) Ice Magic
 + Level 2.3(3.5) Air Magic
 + Level 2.3(3.5) Earth Magic
 + Level 2.3(3.5) Poison Magic
 + Level 3.2 Invocations
 + Level 2.9 Evocations


You had 21 spell levels left.
You knew the following spells:

 Your Spells              Type           Power      Damage    Failure   Level
a - Blink                 Tloc           N/A        N/A       1%          2

Your spell library contained the following spells:

 Spells                   Type           Power      Damage    Failure   Level
 Gell's Gravitas          Tloc           11%        N/A       4%          3
 Lesser Beckoning         Tloc           11%        N/A       4%          3
 Teleport Other           Tloc           22%        N/A       4%          3
 Pain                     Necr           48%        1d6       6%          1
 Slow                     Hex            12%        N/A       10%         2
 Passage of Golubria      Tloc           N/A        N/A       14%         4
 Confusing Touch          Hex            12%        N/A       19%         3
 Vampiric Draining        Necr           6%         2d6       19%         3
 Manifold Assault         Tloc           22%        N/A       36%         5
 Silence                  Hex/Air        7%         N/A       78%         5
 Agony                    Necr           12%        N/A       86%         5
 Excruciating Wounds      Necr           6%         N/A       86%         5
 Storm Form               Tmut/Air       7%         N/A       100%        7
 Lehudib's Crystal Spear  Conj/Erth      7%         10d3      100%        8


Dungeon Overview and Level Annotations

Branches:
Dungeon (6/15)
 Temple: D:4-7

Altars:
Ashenzari
Cheibriados
Gozag
Hepliaklqana
Kikubaaqudgha
Sif Muna
Vehumet
Wu Jian
Yredelemnul
Zin

Shops:
D:1 *

Annotations:
D:5 Sigmund


Innate Abilities, Weirdness & Mutations

You have very sharp teeth.
Your uncanny sense of smell can sniff out nearby items.
Your experience applies equally to all skills.


Message History

The wight is moderately damaged.
The wight barely misses you.
You hit the wight but do no damage.
The wight is moderately damaged.
The wight hits you with a +0 scimitar!
You barely miss the wight. Your bite misses the wight.
The wight is moderately damaged.
The wight closely misses you.
You barely miss the wight.
The wight is moderately damaged.
The wight hits you with a +0 scimitar.
You feel drained.
You hit the wight. You burn the wight.
The wight is severely damaged.
The wight closely misses you.
You hit the wight. You burn the wight.
You destroy the wight!
Your life force feels restored.
You closely miss the wight. You bite the wight, but do no damage.
The wight hits you with a +0 hand axe!
You hit the wight but do no damage. The wight closely misses you.
You hit the wight but do no damage. The wight hits you with a +0 hand axe!
You barely miss the wight. The wight hits you with a +0 hand axe.
You feel drained.
Unknown command.
You hit the wight. You burn the wight.
The wight is heavily damaged.
The wight hits you with a +0 hand axe!
* * * LOW HITPOINT WARNING * * *
Casting: Blink (safe; 1% risk of failure)
Confirm with . or Enter, or press ? or * to list all spells.
You blink.
A wight and a skeleton come into view.
Found a +0 club.
The wight hits you with a +0 hand axe!
* * * LOW HITPOINT WARNING * * *
There is a stone staircase leading up here.
The wight hits you with a +0 hand axe.
* * * LOW HITPOINT WARNING * * *
The wight hits you with a +2 flail!
You die...

, , *,* , ^ , , * ,, , ,,
,,, , , , #.. * * * ∆
,+...,+,, , * ,, ,#...,
*### , *, +....+ ,,...# *
* .#....###*...+ , ,
*.......@##.:.# , ,
###############zz.....###
............).'zz.<$.....
.##############.....#####
, , .# #.Z...# * , .#
#.......# * , * .#####
#..)....# .....######
#.......# * * ..........#
#.......# *


You could see 4 wights and a bullfrog skeleton.

Vanquished Creatures
  Menkaure (D:5)
  A water moccasin (D:6)
  A black bear (D:3)
  A centaur (D:5)
  A scorpion (D:5)
  A jelly (D:6)
  A wight (D:6)
  An orc priest (D:5)
  A bullfrog skeleton (D:5)
  Ijyb (D:5)
  An iguana (D:4)
  An orc wizard (D:5)
  A killer bee zombie (D:5)
  3 gnolls (D:2)
  7 adders
  An ufetubus (D:4)
  2 worms
  A dart slug (D:5)
  12 orcs
  6 bats
  2 endoplasms
  5 giant cockroaches
  8 goblins
  6 hobgoblins
  11 jackals
  10 kobolds
  3 quokkas
  4 ball pythons
  6 frilled lizards
  6 rats
106 creatures vanquished.

Notes
Turn   | Place    | Note
-------+----------+-------------------------------------------
     0 | D:1      | PBDoughboyy the Gnoll Warper began the quest for the Orb.
     0 | D:1      | Reached XP level 1. HP: 20/20 MP: 6/6
    62 | D:1      | Found a faded altar of an unknown god.
    68 | D:1      | Became a worshipper of Ashenzari the Shackled
   509 | D:1      | Reached XP level 2. HP: 27/27 MP: 8/8
   556 | D:1      | Reached * piety under Ashenzari
   597 | D:1      | Found Love's Assorted Antiques.
  1033 | D:2      | Reached XP level 3. HP: 29/33 MP: 10/10
  1139 | D:2      | Reached skill level 5 in Spellcasting
  1338 | D:2      | Reached skill level 1 in Invocations
  1379 | D:2      | Reached skill level 1 in Short Blades
  1379 | D:2      | Reached skill level 1 in Axes
  1379 | D:2      | Reached skill level 1 in Maces & Flails
  1379 | D:2      | Reached skill level 1 in Polearms
  1379 | D:2      | Reached skill level 1 in Staves
  1379 | D:2      | Reached skill level 1 in Slings
  1379 | D:2      | Reached skill level 1 in Bows
  1379 | D:2      | Reached skill level 1 in Crossbows
  1379 | D:2      | Reached skill level 1 in Stealth
  1379 | D:2      | Reached skill level 1 in Shields
  1379 | D:2      | Reached skill level 1 in Unarmed Combat
  1379 | D:2      | Reached skill level 1 in Evocations
  1404 | D:2      | Reached XP level 4. HP: 31/39 MP: 12/12
  1797 | D:2      | Reached skill level 1 in Conjurations
  1797 | D:2      | Reached skill level 1 in Hexes
  1797 | D:2      | Reached skill level 1 in Summonings
  1797 | D:2      | Reached skill level 1 in Necromancy
  1797 | D:2      | Reached skill level 1 in Transmutations
  1797 | D:2      | Reached skill level 1 in Fire Magic
  1797 | D:2      | Reached skill level 1 in Ice Magic
  1797 | D:2      | Reached skill level 1 in Air Magic
  1797 | D:2      | Reached skill level 1 in Earth Magic
  1797 | D:2      | Reached skill level 1 in Poison Magic
  1808 | D:2      | Learned a level 2 spell: Blink
  2148 | D:3      | Found a snail-covered altar of Cheibriados.
  2424 | D:3      | Reached XP level 5. HP: 46/46 MP: 13/13
  2523 | D:3      | Found a radiant altar of Vehumet.
  2524 | D:3      | Found a basalt altar of Yredelemnul.
  2533 | D:3      | Found an opulent altar of Gozag.
  2533 | D:3      | Found an ancient bone altar of Kikubaaqudgha.
  2534 | D:3      | Found a hazy altar of Hepliaklqana.
  2534 | D:3      | Found an ornate altar of the Wu Jian Council.
  2534 | D:3      | Found a glowing silver altar of Zin.
  2988 | D:3      | Found a shimmering blue altar of Sif Muna.
  3110 | D:4      | Noticed a black bear
  3246 | D:3      | Killed a black bear
  3247 | D:3      | Reached XP level 6. HP: 29/52 MP: 9/15
  3634 | D:4      | Reached ** piety under Ashenzari
  3847 | D:4      | Reached skill level 5 in Fighting
  3847 | D:4      | Reached skill level 5 in Long Blades
  3847 | D:4      | Reached skill level 5 in Dodging
  4210 | D:5      | Entered Level 5 of the Dungeon
  4237 | D:5      | Noticed Menkaure
  4599 | D:5      | Killed Menkaure
  4717 | D:5      | Reached XP level 7. HP: 14/60 MP: 16/18
  5535 | D:5      | Noticed Ijyb
  5538 | D:5      | Noticed Sigmund
  5677 | D:5      | Killed Ijyb
  6094 | D:6      | Reached skill level 6 in Translocations
  6094 | D:6      | Reached XP level 8. HP: 52/68 MP: 20/20
  6284 | D:6      | Slain by a wight

Illustrated notes

Levels and vault maps discovered:
D:1:      amcnicky_arrival_blooded_trapdoor, layout_basic, serial_shops,
          shop_fountains, ebering_ecumenical_altar_hall, st_stairs_10
D:2:      layout_rooms, kennysheep_generic_room_10
D:3:      layout_basic, marbit_many_paths, mainiacjoe_overflow_24_doors,
          grunt_temple_overflow_open, grunt_decor_cap
D:4:      layout_layer_cave
D:5:      layout_basic, uniq_sigmund, uniq_menkaure, uniq_ijyb
D:6:      layout_basic, nicolae_uskayaw_en_pointe, minmay_temple_entry_mist,
          uniq_grinder

Skill      XL: |  1  2  3  4  5  6  7 |
---------------+----------------------+-----
Spellcasting   | 5 |  5.8
Invocations    | 1 2 3 |  3.2
Short Blades   | 1 2 |  2.9
Axes           | 1 2 |  2.9
Maces & Flails | 1 2 |  2.9
Polearms       | 1 2 |  2.9
Staves         | 1 2 |  2.9
Slings         | 1 2 |  2.9
Bows           | 1 2 |  2.9
Crossbows      | 1 2 |  2.9
Stealth        | 1 2 |  2.9
Shields        | 1 2 |  2.9
Unarmed Combat | 1 2 |  2.9
Evocations     | 1 2 |  2.9
Conjurations   | 1 2 |  2.3
Hexes          | 1 2 |  2.3
Summonings     | 1 2 |  2.3
Necromancy     | 1 2 |  2.3
Transmutations | 1 2 |  2.3
Fire Magic     | 1 2 |  2.3
Ice Magic      | 1 2 |  2.3
Air Magic      | 1 2 |  2.3
Earth Magic    | 1 2 |  2.3
Poison Magic   | 1 2 |  2.3
Throwing       | 3 |  3.9
Armour         | 3 |  3.9
Fighting       | 5 |  5.4
Long Blades    | 5 |  5.4
Dodging        | 5 |  5.4
Translocations | 6 |  6.0

Action                   |  1- 3 |  4- 6 |  7- 9 || total
-------------------------+-------+-------+-------++-------
Melee: Spear             |    57 |   181 |    98 ||   336
       Bite              |     2 |     9 |     4 ||    15
       Punch             |       |     1 |       ||     1
Throw: Dart              |    16 |    28 |    12 ||    56
       Boomerang         |     1 |     1 |       ||     2
 Cast: Blink             |       |     4 |     1 ||     5
Invok: Curse Item        |     2 |     1 |       ||     3
 Stab: Sleeping          |     2 |     3 |       ||     5
Armor: Leather armour    |    10 |    27 |    14 ||    51
Dodge: Dodged            |    32 |    85 |    61 ||   178
